 Dungeon Crawl Stone Soup version 0.26-a0-154-g3d63440f56 (webtiles) character file.

Game seed: 11709609432472101292

12015 Lauz the Thaumaturge (level 11, -4/57 HPs)
             Began as a Deep Elf Conjurer on June 30, 2020.
             Was a Believer of Vehumet.
             Slain by a soul eater (10 damage)
             ... in a Gauntlet.
             The game lasted 00:44:03 (14874 turns).

Lauz the Thaumaturge (Deep Elf Conjurer)           Turns: 14874, Time: 00:44:04

Health: -4/57      AC:  2    Str:  5    XL:     11   Next: 56%
Magic:  2/30       EV: 12    Int: 24    God:    Vehumet [**....]
Gold:   621        SH: 10    Dex: 15    Spells: 18/36 levels left

rFire    . . .     SeeInvis .   (no weapon)
rCold    . . .     Faith    .   e - +0 buckler
rNeg     . . .     Spirit   .   a - +0 robe
rPois    .         Reflect  +   r - +0 hat
rElec    .         Harm     .   (no cloak)
rCorr    .         NoTele   +   (no gloves)
MR       ++...                  (no boots)
Stlth    ++........             d - amulet of reflection
HPRegen  0.19/turn              E - ring of protection from magic
MPRegen  0.22/turn              (no ring)

@: drained
A: no striking features
a: Renounce Religion


You were in a Gauntlet.
You worshipped Vehumet.
Vehumet was pleased with you.
You were not hungry.

You visited 2 branches of the dungeon, and saw 13 of its levels.
You also visited: Gauntlet.

You collected 621 gold pieces.

Inventory:

Armour
 a - a +0 robe (worn)
 e - a +0 buckler (worn)
 r - a +0 hat (worn)
Jewellery
 d - an amulet of reflection (around neck)
 E - a ring of protection from magic (left hand)
Wands
 j - a wand of enslavement (24)
 A - a wand of iceblast (4)
 C - a wand of flame (35)
 D - a wand of disintegration (14)
Scrolls
 h - 2 scrolls of amnesia {unknown}
 i - a scroll of random uselessness {unknown}
 m - a scroll of teleportation
 n - a scroll of magic mapping
 o - a scroll of blinking {unknown}
 p - 4 scrolls of identify
 s - 4 scrolls of immolation {unknown}
 w - a scroll of fog {unknown}
 x - a scroll of silence {unknown}
 y - a scroll of enchant weapon {unknown}
 z - 2 scrolls of enchant armour {unknown}
Potions
 b - a potion of heal wounds
 f - 2 potions of degeneration
 g - a potion of lignification
 k - 3 potions of flight
 l - 2 potions of stabbing
 q - a potion of haste
 t - a potion of magic {unknown}
 u - a potion of ambrosia {unknown}
 B - a potion of berserk rage {unknown}
 F - a potion of resistance {unknown}
Comestibles
 c - 19 rations


   Skills:
 + Level 2.1(1.2) Fighting
 - Level 2.4(1.5) Dodging
 - Level 2.4(1.5) Stealth
 + Level 3.6(2.7) Shields
 - Level 13.1(11.9) Spellcasting
 - Level 11.8(10.6) Conjurations
 + Level 7.9(6.8) Hexes
 + Level 6.8(5.8) Translocations
 * Level 5.9(4.8) Fire Magic


You had 18 spell levels left.
You knew the following spells:

 Your Spells              Type           Power        Failure   Level  Hunger
a - Magic Dart            Conj           ####         1%          1    None
b - Searing Ray           Conj           ######       1%          2    None
c - Dazzling Flash        Conj/Hex       ######       1%          3    None
d - Fulminant Prism       Conj/Hex       ######....   1%          4    None
e - Iskenderun's Mystic   Conj/Tloc      ######..     1%          4    None
f - Foxfire               Conj/Fire      ####         1%          1    None
g - Conjure Flame         Conj/Fire      ######..     1%          3    None

Your spell library contained the following spells:

 Spells                   Type           Power        Failure   Level  Hunger
 Beastly Appendage        Tmut           ##....       4%          1    None
 Sticks to Snakes         Tmut           ##......     8%          2    None
 Spider Form              Tmut/Pois      ##........   16%         3    None
 Ice Form                 Ice/Tmut       ##......     45%         4    None
 Blade Hands              Tmut           ##........   80%         5    ###....


Dungeon Overview and Level Annotations

Branches:
Dungeon (12/15)            Temple (1/1) D:7             Orc (0/2) D:9
Gauntlet (1/1)
   Lair: D:8-11

Altars:
Ashenzari
Cheibriados
Dithmenos
Elyvilon
Fedhas
Gozag
Hepliaklqana
Kikubaaqudgha
Makhleb
Nemelex Xobeh
Okawaru
Qazlal
Ru
Sif Muna
Trog
Uskayaw
Vehumet
Wu Jian
Xom
Yredelemnul

Shops:
D:6 %   D:9 [

Annotations:
Gauntlet 15 transporters


Message History

The soul eater is lightly wounded.
The soul eater hits you!
* * * LOW HITPOINT WARNING * * *
You feel drained.
* * * LOW HITPOINT WARNING * * *
Your fulminant prism crackles loudly.
Your fulminant prism explodes!
The blast of energy engulfs the soul eater!
The soul eater is heavily wounded.
Casting: Magic Dart (safe; 1% risk of failure)
Confirm with . or Enter, or press ? or * to list all spells.
You erupt in a blast of force!
The mystic blast hits the soul eater but does no damage.
The soul eater is heavily wounded.
The soul eater hits you.
* * * LOW HITPOINT WARNING * * *
You feel drained.
* * * LOW HITPOINT WARNING * * *
The soul eater hits you!
You die...

###..#.55......#...#.^...
#....#.##...##.#.∩.#.#.##
###....#..##.##..#...#...#h
#8#..###...#.#.*.#...#..##.
###..#©#©..#©..5.#©.©#D.#.©
#..#.#)..#.#...#...#.##h#
###..#.#!.##.##3.#...#D^..^
#8#..#.#.##3..##.#...#.#.##
#########..#.#..@......#...#.....
#8#........#.###########...######
###........#.#...........≈.......
.....#######.#######....≈8≈....##
.....#©...........©#.....≈.....#©
.#######################...######
.#.........#≈#..#h##p###...#JJJ.#
.#.#.....#Q#≈#.##.##h###...#J..#.
.#..#####..#≈##.....#hh#...#..#.©


You could see a soul eater, a necromancer, a tengu conjurer (wandering) and 2
wolves.

Vanquished Creatures
  A hydra (D:11)
  Harold (D:8)
  2 two-headed ogres (D:9)
  2 ugly things
  A manticore (D:11)
  A gargoyle (D:10)
  A troll (D:9)
  Prince Ribbit (D:5)
  3 hippogriffs
  6 yaks (D:11)
  A wraith (D:10)
  4 phantoms (D:9)
  4 ice beasts
  3 orc warriors
  A black bear (D:6)
  4 sky beasts
  6 ogres
  5 centaurs
  7 bullfrogs
  5 scorpions
  10 killer bees
  13 wights
  2 howler monkeys
  6 crimson imps
  A quasit (D:6)
  5 orc priests
  2 centaur zombies
  4 jellies
  13 orc wizards
  A bullfrog zombie (D:6)
  4 hounds
  A bullfrog skeleton (D:5)
  2 iguanas
  5 worker ants
  A hound zombie (D:5)
  A hound skeleton (D:4)
  A howler monkey zombie (D:8)
  A worker ant zombie (D:5)
  12 adders
  4 gnolls (D:2)
  6 shadow imps
  5 worms
  A dart slug (D:1)
  4 leopard geckos
  53 orcs
  3 ball pythons
  2 giant cockroaches
  4 goblins
  9 hobgoblins
  10 jackals
  6 quokkas
  5 bats
  4 frilled lizards
  A jackal skeleton (D:5)
  A jackal zombie (D:8)
  10 kobolds
  A quokka skeleton (D:6)
  9 rats
282 creatures vanquished.

Vanquished Creatures (others)
  31 demonic plants (Gauntlet)
  48 fulminant prisms
  4 plants (D:11)
83 creatures vanquished.

Grand Total: 365 creatures vanquished

Notes
Turn   | Place    | Note
-------+----------+-------------------------------------------
     0 | D:1      | Lauz the Deep Elf Conjurer began the quest for the Orb.
     0 | D:1      | Reached XP level 1. HP: 10/10 MP: 6/6
   371 | D:1      | Reached XP level 2. HP: 9/15 MP: 2/8
   495 | D:1      | Reached skill level 5 in Conjurations
  1388 | D:1      | Reached XP level 3. HP: 19/19 MP: 5/9
  1656 | D:2      | Learned a level 2 spell: Searing Ray
  1689 | D:2      | Found a hazy altar of Hepliaklqana.
  1704 | D:2      | Found a hide-covered altar of Uskayaw.
  1952 | D:2      | Reached XP level 4. HP: 24/24 MP: 2/11
  2089 | D:2      | Found a shadowy altar of Dithmenos.
  2284 | D:2      | Reached skill level 4 in Spellcasting
  2349 | D:2      | Noticed a moth of wrath
  2352 | D:2      | Found a bloodstained altar of Trog.
  3439 | D:3      | Reached XP level 5. HP: 28/28 MP: 8/13
  4028 | D:4      | Reached skill level 5 in Spellcasting
  4078 | D:4      | Reached XP level 6. HP: 33/33 MP: 9/16
  4272 | D:4      | Found a sacrificial altar of Ru.
  4272 | D:4      | Found a faded altar of an unknown god.
  4277 | D:4      | Found a faded altar of an unknown god.
  4285 | D:4      | Found a shimmering altar of Xom.
  4287 | D:4      | Found a snail-covered altar of Cheibriados.
  4827 | D:5      | Entered Level 5 of the Dungeon
  4827 | D:5      | Noticed an ice beast
  4901 | D:5      | Reached skill level 6 in Spellcasting
  4923 | D:5      | Noticed Prince Ribbit
  4942 | D:5      | Killed Prince Ribbit
  4942 | D:5      | Reached skill level 7 in Spellcasting
  4942 | D:5      | Reached XP level 7. HP: 27/37 MP: 7/19
  5303 | D:5      | Found a white marble altar of Elyvilon.
  5622 | D:6      | Found Wuffut's Food Boutique.
  5657 | D:6      | Reached skill level 1 in Fighting
  5712 | D:6      | Reached XP level 8. HP: 43/43 MP: 15/21
  5754 | D:6      | Reached skill level 8 in Spellcasting
  5794 | D:6      | Found a sparkling altar of Nemelex Xobeh.
  6224 | D:6      | Reached skill level 9 in Spellcasting
  6809 | D:7      | Noticed a green ugly thing
  6845 | D:6      | Learned a level 3 spell: Dazzling Flash
  7160 | D:7      | Reached skill level 10 in Spellcasting
  7299 | D:7      | Reached skill level 10 in Conjurations
  7308 | D:7      | Reached XP level 9. HP: 47/47 MP: 11/25
  7683 | D:7      | Reached skill level 11 in Spellcasting
  7994 | D:7      | Found a staircase to the Ecumenical Temple.
  8002 | Temple   | Entered the Ecumenical Temple
  8038 | Temple   | Became a worshipper of Vehumet
  8078 | D:7      | Found a shattered altar of Ashenzari.
  8093 | D:7      | Killed a green ugly thing
  8142 | D:7      | Reached skill level 12 in Spellcasting
  8366 | D:7      | Found a snail-covered altar of Cheibriados.
  8950 | D:8      | Found a basalt altar of Yredelemnul.
  9186 | D:8      | Reached * piety under Vehumet
  9186 | D:8      | Offered knowledge of Sandblast by Vehumet.
  9293 | D:8      | Noticed Harold
  9323 | D:8      | Learned a level 4 spell: Fulminant Prism
  9328 | D:8      | Learned a level 4 spell: Iskenderun's Mystic Blast
  9373 | D:8      | Reached XP level 10. HP: 52/52 MP: 19/28
  9439 | D:8      | You fall into a shaft and drop 2 floors!
  9439 | D:10     | Entered Level 10 of the Dungeon
  9470 | D:9      | Reached skill level 13 in Spellcasting
  9680 | D:9      | Found Xoibry's Armour Boutique.
  9759 | D:9      | Reached skill level 1 in Translocations
  9864 | D:9      | Noticed a two-headed ogre
  9876 | D:9      | Reached skill level 1 in Shields
  9885 | D:9      | Killed a two-headed ogre
  9885 | D:9      | Reached skill level 1 in Hexes
 10035 | D:9      | Found a staircase to the Orcish Mines.
 10474 | D:9      | Noticed a two-headed ogre
 10483 | D:9      | Killed a two-headed ogre
 10483 | D:9      | Reached skill level 5 in Translocations
 10617 | D:9      | Reached ** piety under Vehumet
 10617 | D:9      | Offered knowledge of Foxfire by Vehumet.
 10620 | D:9      | Learned a level 1 spell: Foxfire
 11385 | D:10     | Reached skill level 1 in Fire Magic
 11931 | D:10     | Reached skill level 5 in Hexes
 12111 | D:10     | Noticed a gargoyle
 12119 | D:10     | Killed a gargoyle
 12119 | D:10     | Reached XP level 11. HP: 57/57 MP: 24/30
 12587 | D:8      | Killed Harold
 13276 | D:11     | Offered knowledge of Conjure Flame by Vehumet.
 13486 | D:11     | Noticed a six-headed hydra
 13496 | D:11     | Killed a six-headed hydra
 13496 | D:11     | Reached skill level 5 in Fire Magic
 13510 | D:11     | Noticed a red ugly thing
 13518 | D:11     | Killed a red ugly thing
 14038 | D:11     | Reached *** piety under Vehumet
 14125 | D:12     | Found a gate leading to a gauntlet.
 14133 | Gauntlet | Entered a Gauntlet
 14133 | Gauntlet | Found a transporter.
 14133 | Gauntlet | Found a transporter.
 14339 | Gauntlet | Learned a level 3 spell: Conjure Flame
 14343 | Gauntlet | Found a transporter.
 14357 | Gauntlet | Found a transporter.
 14359 | Gauntlet | Noticed a death scarab
 14361 | Gauntlet | Noticed a hell hog
 14363 | Gauntlet | Found a transporter.
 14363 | Gauntlet | Found a transporter.
 14369 | Gauntlet | Found a transporter.
 14382 | Gauntlet | Noticed a death scarab
 14398 | Gauntlet | Found a transporter.
 14399 | Gauntlet | Noticed a necromancer
 14405 | Gauntlet | Found a transporter.
 14414 | Gauntlet | Found a transporter.
 14443 | Gauntlet | Noticed a soul eater
 14459 | Gauntlet | Found a transporter.
 14468 | Gauntlet | Found a transporter.
 14483 | Gauntlet | Noticed a tengu warrior
 14486 | Gauntlet | Found a transporter.
 14671 | Gauntlet | Found a transporter.
 14687 | Gauntlet | Found a transporter.
 14702 | Gauntlet | Noticed a fire crab
 14703 | Gauntlet | Found a transporter.
 14874 | Gauntlet | Slain by a soul eater

Illustrated notes

Levels and vault maps discovered:
D:1:      dpeg_arrival_leaves_temple_mockup, layout_basic,
          minmay_misc_feat_pillars
D:2:      minmay_alternating_diamond, layout_loops_ring, grunt_dithmenos_smoke,
          tgw_trog, grunt_temple_overflow_open, first_ration, grunt_ministairs_7
D:3:      layout_loops_cross
D:4:      layout_cave_pools, chequers_temple_overflow_minitemple,
          minmay_pentomino_pile
D:5:      layout_basic, overflow_temple_1_default, uniq_prince_ribbit1
D:6:      cheibrodos_two_vegetables, layout_loops_cross,
          nemelex_xobeh_ov_fountains_minmay, serial_shops, shop
D:7:      layout_cave_pods, minmay_temple_entry_mini_moons, basic_altar,
          cheibriados_altar_1
D:8:      layout_loops_ring, nicolae_overflow_hidden_temple, serial_glass,
          glass_columns_a, glass_columns_a, uniq_harold
D:9:      layout_layer_cave, orc_david_3
D:10:     layout_roguey, serial_curves, eino_curves_03, eino_curves_04
D:11:     layout_stronghold, david_lair_shrubbed, basic_altar
D:12:     minmay_octo_star, layout_irregular_city, serial_shops,
          kennysheep_mini_moat, basic_altar, gammafunk_ghost_cemetery,
          gauntlet_entry_generic, uniq_nergalle
Temple:   nicolae_temple_hex_pool
Gauntlet: gammafunk_gauntlet_branching [gammafunk_gauntlet_arena_split_x,
          nicolae_gauntlet_arena_grate_2, nicolae_gauntlet_arena_blocks,
          gammafunk_gauntlet_arena_crates,
          gammafunk_gauntlet_arena_arrow_garden, gammafunk_gauntlet_arena_grid,
          gammafunk_gauntlet_arena_hedges, gammafunk_gauntlet_arena_corners,
          gauntlet_exit_spiral]

Skill      XL: |  1  2  3  4  5  6  7  8  9 10 11 |
---------------+----------------------------------+-----
Conjurations   | 5 6 7 9 10 11 | 11.8
Spellcasting   | 4 5 7 10 12 13 | 13.1
Fighting       | 1 2 |  2.1
Translocations | 5 6 |  6.8
Shields        | 2 3 |  3.6
Hexes          | 5 7 |  7.9
Fire Magic     | 3 5 |  5.9
Dodging        | |  2.4
Stealth        | |  2.4

Action                   |  1- 3 |  4- 6 |  7- 9 | 10-12 || total
-------------------------+-------+-------+-------+-------++-------
Melee: Unarmed           |       |       |       |     1 ||     1
 Cast: Magic Dart        |    74 |   104 |   126 |   102 ||   406
       Searing Ray       |     1 |    19 |    57 |    38 ||   115
       Iskenderun's Myst |       |       |     1 |    18 ||    19
       Fulminant Prism   |       |       |       |    48 ||    48
  Use: Scroll            |       |     6 |     1 |     2 ||     9
  Eat: Chunk             |     3 |     9 |    13 |    15 ||    40
       Ration            |       |       |       |     1 ||     1
Armor: Robe              |     1 |       |     2 |     2 ||     5
Dodge: Dodged            |    13 |     9 |    29 |    15 ||    66
Block: Other             |       |     2 |    10 |     2 ||    14
       Reflection        |       |     1 |     1 |     6 ||     8
       Buckler           |       |       |       |    15 ||    15

Table legend:
 A = Non-vault XP
 B = Vault XP
 C = Vault XP percentage of total XP
 D = Non-vault monster count
 E = Vault monster count
 F = Vault count percentage of total count
                 A         B        C        D         E       F
            +---------+---------+-------+---------+---------+-------
      Total |   15496 |    1669 |   9.7 |     260 |      22 |   7.8
            +---------+---------+-------+---------+---------+-------
        D:1 |      45 |       0 |   0.0 |      27 |       0 |   0.0
        D:2 |      87 |      29 |  25.0 |      16 |      10 |  38.5
        D:3 |      52 |       0 |   0.0 |      18 |       0 |   0.0
        D:4 |     297 |      73 |  19.7 |      17 |       3 |  15.0
        D:5 |     371 |     264 |  41.6 |      11 |       1 |   8.3
        D:6 |     944 |      77 |   7.5 |      19 |       2 |   9.5
        D:7 |    2164 |       0 |   0.0 |      41 |       0 |   0.0
        D:8 |    1572 |     934 |  37.3 |      31 |       1 |   3.1
        D:9 |    3483 |     269 |   7.2 |      26 |       3 |  10.3
       D:10 |    2165 |       0 |   0.0 |      32 |       0 |   0.0
       D:11 |    4272 |       0 |   0.0 |      21 |       0 |   0.0
       D:12 |      44 |       0 |   0.0 |       1 |       0 |   0.0
   Gauntlet |       0 |      23 | 100.0 |       0 |       2 | 100.0
            +---------+---------+-------+---------+---------+-------
